AoeStats
← Gonçal

Arabia

503293138Analyzed
1v1 RM · 2mo ago on Aug 31, 2026· 35m 23s· 2 players
Game mode
Random Map
Map size
Tiny (2 player)
Population
200
Speed
Normal
Resources
Standard
Victory
Conquest
Starting age
Dark Age
Ending age
Imperial Age
RankedLock teamsTeams togetherTeam positionsShared explorationLock speedFull tech treeHidden civsTurbo modeCheats
Victory
Defeat
🇺🇸 Koreans · United States
1471
+16
vs
🇦🇷 Bulgarians · Argentina
1473
-16
Gonçal
6:38 Loom
9:01 Feudal Age
18:40 Horse Collar
18:52 Double-Bit Axe
19:12 Fletching
24:48 Castle Age
23:38 Gold Mining
24:50 Crossbowman
25:26 Bodkin Arrow
25:53 Heavy Plow
26:04 Bow Saw
27:26 Ballistics
27:53 Wheelbarrow
28:41 Thumb Ring
31:09 Town Watch
Squid_CARP
6:34 Loom
9:13 Feudal Age
10:01 Double-Bit Axe
17:30 Scale Barding Armor
23:52 Castle Age
22:58 Forging
22:59 Horse Collar
25:01 Wheelbarrow
23:54 Light Cavalry
27:53 Bloodlines
30:04 Bow Saw
31:16 Wheelbarrow
30:26 Town Watch
33:46 Hand Cart
Connection lost

Rejoining the realm…

Still unreachable

The connection could not be restored.

Session expired

The server has moved on; the page needs a fresh start.